 Dungeon Crawl Stone Soup version 0.20.1-1-g8b1a95d (webtiles) character file.

548 slep the Cudgeler (level 7, -1/52 HPs)
             Began as a Demonspawn Gladiator on Oct 23, 2017.
             Killed by Freeze
             ... invoked by zag's ghost
              (4 damage)
             ... on level 5 of the Dungeon.
             The game lasted 00:20:08 (3302 turns).

slep the Cudgeler (Demonspawn Gladiator)            Turns: 3302, Time: 00:20:09

Health: -1/52      AC:  7    Str: 15    XL:     7   Next: 7%
Magic:  0/16       EV: 19    Int: 10    God:
Gold:   259        SH:  0    Dex: 20    Spells: 6/6 levels left

rFire    . . .     SeeInvis .   a - +0 flail
rCold    . . .     Gourm    .   (no shield)
rNeg     . . .     Faith    .   b - +0 leather armour
rPois    .         Spirit   +   o - +2 helmet
rElec    .         Reflect  .   (no cloak)
rCorr    .         Harm     .   D - +0 pair of gloves
MR       .....                  (no boots)
Stlth    +++.......             H - amulet of magic regeneration (curse)
Regen    0.2/turn               s - ring of magical power
MPRegen  0.3/turn               (no ring)

@: agile
A: spiny 2, magic shield
a: no special abilities


You were on level 5 of the Dungeon.
You were not hungry.

You visited 1 branch of the dungeon, and saw 5 of its levels.

You collected 259 gold pieces.

Inventory:

Hand Weapons
 a - a +0 flail (weapon)
 q - a +2 vampiric dagger
Missiles
 d - 3 throwing nets (quivered)
 r - 51 stones
 A - 3 tomahawks
 C - 28 sling bullets
Armour
 b - a +0 leather armour (worn)
 c - a +0 helmet
 o - a +2 helmet (worn)
 D - a +0 pair of gloves (worn)
Jewellery
 s - a ring of magical power (left hand)
 B - an uncursed ring of ice
 H - a cursed amulet of magic regeneration (around neck)
Scrolls
 g - 2 scrolls of enchant armour {unknown}
 h - 6 scrolls of identify {unknown}
 i - a scroll of amnesia {unknown}
 j - a scroll of blinking {unknown}
 k - 3 scrolls of recharging {unknown}
 m - 3 scrolls of teleportation {unknown}
 n - 4 scrolls of enchant weapon {unknown}
 p - a scroll of remove curse {unknown}
 t - a scroll of fear {unknown}
 y - a scroll of random uselessness {unknown}
 F - 2 scrolls of magic mapping {unknown}
 I - a scroll of immolation {unknown}
 J - a scroll of fog {unknown}
Potions
 e - a potion of ambrosia
 l - 2 potions of agility
 u - a potion of flight {unknown}
 x - 2 potions of curing
 z - a potion of brilliance
 E - 2 potions of berserk rage {unknown}
 G - 3 potions of heal wounds {unknown}
Comestibles
 f - 5 bread rations
 v - a royal jelly
 w - 2 meat rations
 K - 8 fruits
 L - a chunk of flesh


   Skills:
 + Level 3.1 Fighting
 + Level 5.1 Maces & Flails
 + Level 1.9 Throwing
 + Level 2.7 Armour
 + Level 4.3 Dodging
 + Level 0.8 Stealth


You had 6 spell levels left.
You didn't know any spells.

Dungeon Overview and Level Annotations

Branches:
Dungeon (5/15)
 Temple: D:4-7

Altars:
Fedhas
Ru

Annotations:
D:3 aubilenon's ghost, amateur GrFi
D:5 zag's ghost, novice NaIE


Innate Abilities, Weirdness & Mutations

You are mostly covered in sharp spines.
When hurt, damage is shared between your health and your magic reserves.


Message History

* * * LOW HITPOINT WARNING * * *
You feel better. Zag's ghost completely misses you.
You barely miss zag's ghost.
Zag's ghost is heavily damaged.
Zag's ghost hits you but does no damage.
You hit zag's ghost but do no damage.
Zag's ghost is heavily damaged.
Zag's ghost points at you and mumbles some strange words.
You are frozen.
* * * LOW HITPOINT WARNING * * *
You closely miss zag's ghost.
Zag's ghost is heavily damaged.
Zag's ghost gestures at you while chanting.
You are frozen.
* * * LOW HITPOINT WARNING * * *
You completely miss zag's ghost.
Zag's ghost is heavily damaged.
Zag's ghost gestures at you while chanting.
You are frozen.
You die...

............>#
.............#
..........))<#
#+####.##..)##
###.##....######
#.........#....##
#...........$...#
+...............#
#...##.@)##.....#
###+ #)W.# ....##
#...# #####
.'.... ..#....#
.##..$## .. #####
.%


You could see zag's ghost.

Vanquished Creatures
  2 ogres (D:4)
  A crimson imp (D:3)
  A hound (D:4)
  2 orc priests
  An iguana (D:4)
  3 orc wizards
  A worker ant (D:4)
  3 adders
  2 dart slugs
  6 leopard geckos
  15 orcs
  3 bats
  A giant cockroach (D:3)
  4 goblins
  8 hobgoblins
  5 jackals
  2 quokkas (D:4)
  2 ball pythons (D:2)
  7 frilled lizards
  12 kobolds
  8 rats
  A bush (D:1)
90 creatures vanquished.

Notes
Turn   | Place    | Note
-------+----------+-------------------------------------------
     0 | D:1      | slep the Demonspawn Gladiator began the quest for the Orb.
     0 | D:1      | Reached XP level 1. HP: 16/16 MP: 1/1
   201 | D:1      | Gained mutation: You are partially covered in sharp spines. [demonic ancestry]
   201 | D:1      | Reached XP level 2. HP: 22/22 MP: 2/2
   878 | D:2      | Reached skill level 3 in Maces & Flails
   946 | D:2      | Reached XP level 3. HP: 23/28 MP: 3/3
  1092 | D:2      | Found a sacrificial altar of Ru.
  1731 | D:3      | Reached XP level 4. HP: 21/34 MP: 4/4
  1892 | D:3      | Reached skill level 1 in Armour
  2012 | D:3      | Noticed aubilenon's ghost (amateur GrFi)
  2336 | D:4      | Gained mutation: You are mostly covered in sharp spines. [demonic ancestry]
  2336 | D:4      | Reached XP level 5. HP: 39/39 MP: 5/5
  2384 | D:4      | Reached skill level 4 in Maces & Flails
  2387 | D:4      | HP: 1/40 [orc/mace (5)]
  2932 | D:4      | Found a blossoming altar of Fedhas.
  2969 | D:4      | Noticed an ogre
  2974 | D:4      | Gained mutation: When hurt, damage is shared between your health and your magic reserves. [demonic ancestry]
  2974 | D:4      | Reached XP level 6. HP: 40/46 MP: 6/6
  3207 | D:5      | Entered Level 5 of the Dungeon
  3280 | D:5      | Reached skill level 5 in Maces & Flails
  3280 | D:5      | Reached XP level 7. HP: 42/52 MP: 7/7
  3281 | D:5      | Noticed zag's ghost (novice NaIE)
  3297 | D:5      | HP: 1/52 [zag's ghost/Freeze (13)]
  3302 | D:5      | Killed from afar by zag's ghost

Skill      XL: |  1  2  3  4  5  6 |
---------------+-------------------+-----
Dodging        | 3 4 |  4.3
Maces & Flails | 3 4 5 |  5.1
Armour         | 1 2 |  2.7
Fighting       | 3 |  3.1
Throwing       | |  1.9
Stealth        | |  0.8

Action                   |  1- 3 |  4- 6 |  7- 9 || total
-------------------------+-------+-------+-------++-------
Melee: Flail             |   168 |   111 |    19 ||   298
Throw: Throwing net      |       |     1 |       ||     1
  Use: Potion            |     4 |       |     3 ||     7
 Stab: Sleeping          |       |     1 |       ||     1
  Eat: Chunk             |     3 |     5 |       ||     8
Armor: Leather armour    |    29 |    32 |     5 ||    66
Dodge: Dodged            |    83 |    81 |     8 ||   172
